 Dungeon Crawl Stone Soup version 0.26-a0-662-g8b9c6dab81 (webtiles) character file.

Game seed: 17808017820450425874

19665 grandjackal the Fighter (level 12, -4/97 HPs)
             Began as a Demonspawn Gladiator on Oct 9, 2020.
             Was a High Priest of Kikubaaqudgha.
             Slain by a wolf (5 damage)
             ... on level 1 of the Lair of Beasts.
             The game lasted 00:19:18 (17527 turns).

grandjackal the Fighter (Demonspawn Gladiator)     Turns: 17527, Time: 00:19:18

Health: -4/97      AC:  7    Str: 18    XL:     12   Next: 38%
Magic:  0/23       EV: 17    Int: 19    God:    Kikubaaqudgha [*****.]
Gold:   758        SH:  6    Dex: 18    Spells: 8/26 levels left

rFire    + . .     SeeInvis +   R - +2 scimitar (flame)
rCold    . . .     Faith    .   C - +0 buckler of Fortification {rN+ Dex+3 SInv}
rNeg     + . .     Spirit   +   F - +0 leather armour {rF+}
rPois    .         Reflect  .   c - +0 helmet
rElec    .         Harm     .   u - +1 cloak {rCorr}
rCorr    +         Rampage  .   w - +0 pair of gloves
MR       .....                  (boots unavailable)
Stlth    +.........             (no amulet)
HPRegen  0.26/turn              q - +6 ring of intelligence
MPRegen  0.36/turn              j - ring of resist corrosion

@: death channel
A: talons 3, foul stench 1, magic shield, magic regeneration, rot immunity, big
brain 1
a: Receive Corpses, Torment, Renounce Religion


You were on level 1 of the Lair of Beasts.
You worshipped Kikubaaqudgha.
Kikubaaqudgha was extremely pleased with you.
You visited 3 branches of the dungeon, and saw 14 of its levels.

You collected 928 gold pieces.
You spent 170 gold pieces at shops.

Inventory:

Hand Weapons
 R - a +2 scimitar of flaming (weapon)
Missiles
 d - 5 throwing nets (quivered)
Armour
 c - a +0 helmet (worn)
 u - a +1 cloak of preservation (worn)
 w - a +0 pair of gloves (worn)
 C - the +0 buckler of Fortification (worn) {rN+ Dex+3 SInv}
   (You found it on level 4 of the Dungeon)

   It affects your dexterity (+3).
   It protects you from negative energy.
   It lets you see invisible.
 F - a +0 leather armour of fire resistance (worn)
 P - a +2 scale mail of magic resistance
Jewellery
 j - a ring of resist corrosion (right hand)
 q - a +6 ring of intelligence (left hand)
Wands
 s - a wand of random effects (20)
 E - a wand of paralysis (3)
 Q - a wand of digging (4)
Scrolls
 b - 3 scrolls of fear
 e - 11 scrolls of teleportation
 g - a scroll of enchant weapon
 i - 3 scrolls of remove curse
 n - a scroll of magic mapping
 r - 2 scrolls of blinking
 t - a scroll of fog
 B - a scroll of vulnerability {unknown}
 D - a scroll of immolation
 G - 2 scrolls of amnesia
 I - a scroll of torment {unknown}
 N - a scroll of enchant armour {unknown}
Potions
 a - a potion of haste {unknown}
 l - 4 potions of lignification
 o - a potion of ambrosia
 p - 7 potions of flight
 x - a potion of invisibility
 z - a potion of might
 A - a potion of brilliance
 H - a potion of mutation {unknown}
 J - a potion of resistance {unknown}
 K - a potion of berserk rage {unknown}
 L - a potion of stabbing
 O - a potion of curing
 S - a potion of magic {unknown}


   Skills:
 + Level 10.0 Fighting
 + Level 9.3 Long Blades
 - Level 1.7 Throwing
 + Level 7.0 Dodging
 - Level 6.0 Shields
 + Level 7.9 Spellcasting
 + Level 9.5 Necromancy


You had 8 spell levels left.
You knew the following spells:

 Your Spells              Type           Power        Failure   Level
a - Vampiric Draining     Necr           #####.....   1%          3
b - Dispel Undead         Necr           #####...     2%          4
c - Borgnjor's Vile Clut  Necr/Erth      ####......   38%         5
d - Death Channel         Necr           #####.....   32%         6

Your spell library contained the following spells:

 Spells                   Type           Power        Failure   Level
 Animate Skeleton         Necr           #####.       1%          1
 Pain                     Necr           ####         1%          1
 Sublimation of Blood     Necr           #####.....   1%          2
 Animate Dead             Necr           #####.....   2%          4
 Foxfire                  Conj/Fire      #...         11%         1
 Conjure Flame            Conj/Fire      #.......     32%         3
 Inner Flame              Hex/Fire       #.......     32%         3
 Ice Form                 Ice/Tmut       #.......     73%         4
 Sticky Flame             Conj/Fire      #.......     73%         4
 Simulacrum               Ice/Necr       ####......   93%         6
 Fireball                 Conj/Fire      #.........   97%         5
 Metabolic Englaciation   Hex/Ice        #.........   97%         5
 Freezing Cloud           Conj/Ice/Air   #.........   100%        6
 Ozocubu's Refrigeration  Ice            #.........   100%        6


Dungeon Overview and Level Annotations

Branches:
Dungeon (12/15)            Temple (0/1) D:5            Lair (1/6) D:8
    Orc (1/2) D:12

Altars:
Dithmenos
Elyvilon
Fedhas
Gozag
Kikubaaqudgha
Makhleb
Okawaru
Qazlal
Ru
Sif Muna
Vehumet
Xom
Yredelemnul

Shops:
D:5 *


Innate Abilities, Weirdness & Mutations

You have claws for feet.
You may emit foul miasma when damaged in melee.
When hurt, damage is shared between your health and your magic reserves.
You regenerate magic rapidly.
You are immune to rotting.
You have an unusually large brain. (Int +2)


Message History

* * * LOW HITPOINT WARNING * * *
Your spectral wolf closely misses the wolf.
You slash the black mamba! You burn the black mamba.
You kill the black mamba!
Kikubaaqudgha accepts your kill.
A glowing mist starts to gather...
The wolf bites you.
* * * LOW HITPOINT WARNING * * *
The wolf bites you.
* * * LOW HITPOINT WARNING * * *
The wolf looks sick.
The wolf misses you.
A wolf comes into view.
Your spectral wolf bites the wolf.
The wolf bites you!
* * * LOW HITPOINT WARNING * * *
You block the wolf's attack.
Unknown command.
You swap places.
The wolf bites your spectral wolf!
The wolf barely misses your spectral wolf.
The wolf bites you.
You die...
Kikubaaqudgha rasps: "You have failed me!
Welcome... death!"

####### ##..##.###
##P.....#Z####
#....>...hhh@# #
##........hhZ## #..
##.........hhh# ....
##...........hh###....♣
##.............hhh......
#................†...♣♣.
........................
...............#..h.....
...............#..h.♣...


You could see 11 wolves, a friendly spectral black mamba and a friendly spectral
wolf.

Vanquished Creatures
  Josephine (D:11)
  A boulder beetle (D:9)
  Harold (D:11)
  Erica (D:8)
  2 two-headed ogres
  An unseen horror (D:12)
  2 ugly things (D:12)
  A manticore (D:10)
  A centaur zombie (D:11)
  A black mamba (Lair:1)
  A gargoyle (D:12)
  A cane toad (Lair:1)
  2 kobold demonologists (D:12)
  A tengu conjurer (D:12)
  3 trolls
  Grinder (D:3)
  2 wraiths (D:11)
  8 yaks
  2 wyverns (D:12)
  Menkaure (D:6)
  2 water moccasins
  3 ice beasts
  2 sky beasts
  2 black bears
  8 orc warriors
  10 ogres
  3 phantoms
  9 wolves (Lair:1)
  An eye of draining (D:12)
  8 centaurs
  8 bullfrogs
  A gnoll sergeant (D:9)
  A wyvern skeleton (D:12)
  5 scorpions
  11 wights
  9 killer bees
  4 howler monkeys
  4 quasits
  Crazy Yiuf (D:2)
  4 centaur skeletons
  4 hounds
  2 jellies
  5 orc priests
  2 bullfrog skeletons
  A gnoll shaman (D:4)
  2 iguanas
  Natasha (thrice) (D:2)
  Terence (D:2)
  11 orc wizards
  8 worker ants
  2 killer bee zombies
  A hound skeleton (D:5)
  A howler monkey zombie (D:8)
  4 worker ant zombies
  13 adders
  12 gnolls
  2 howler monkey skeletons
  A shadow imp (D:7)
  3 white imps
  2 ufetubi
  3 adder zombies
  An adder skeleton (D:9)
  4 worms
  3 dart slugs
  7 leopard geckos
  52 orcs
  4 giant cockroaches
  12 goblins
  11 hobgoblins
  6 kobolds
  5 quokkas
  A ball python (D:1)
  2 bats
  3 frilled lizards
  A jackal skeleton (D:6)
  A leopard gecko skeleton (D:4)
  6 rats
332 creatures vanquished.

Vanquished Creatures (collateral kills)
  A boulder beetle (D:11)
  A wraith (D:11)
  3 wolves (Lair:1)
5 creatures vanquished.

Vanquished Creatures (others)
  3 fungi (D:8)
  6 plants (D:8)
9 creatures vanquished.

Grand Total: 346 creatures vanquished

Notes
Turn   | Place    | Note
-------+----------+-------------------------------------------
     0 | D:1      | grandjackal the Demonspawn Gladiator began the quest for
                  | the Orb.
     0 | D:1      | Reached XP level 1. HP: 16/16 MP: 1/1
   145 | D:1      | Gained mutation: When hurt, damage is shared between your
                  | health and your magic reserves. [demonic ancestry]
   145 | D:1      | Reached XP level 2. HP: 10/22 MP: 2/2
  1271 | D:2      | Found an ancient bone altar of Kikubaaqudgha.
  1315 | D:2      | Gained mutation: You are immune to rotting. [demonic
                  | ancestry]
  1315 | D:2      | Reached XP level 3. HP: 27/28 MP: 3/3
  1669 | D:2      | Noticed Natasha
  1677 | D:2      | Killed Natasha
  1677 | D:2      | Reached skill level 3 in Fighting
  1677 | D:2      | Gained mutation: You may emit foul miasma when damaged in
                  | melee. [demonic ancestry]
  1677 | D:2      | Reached XP level 4. HP: 21/35 MP: 1/4
  1993 | D:2      | Noticed Natasha
  2003 | D:2      | Killed Natasha
  2091 | D:2      | Noticed Terence
  2102 | D:2      | Killed Terence
  2102 | D:2      | Gained mutation: You have sharp toenails. [demonic
                  | ancestry]
  2102 | D:2      | Reached XP level 5. HP: 34/41 MP: 3/5
  2179 | D:2      | Found a shadowy altar of Dithmenos.
  2229 | D:2      | Noticed Natasha
  2235 | D:2      | Killed Natasha
  2339 | D:2      | Found a runed translucent door.
  2340 | D:2      | Noticed Crazy Yiuf
  2521 | D:2      | Killed Crazy Yiuf
  2883 | D:3      | Found a sacrificial altar of Ru.
  3039 | D:3      | Noticed Grinder
  3049 | D:3      | Paralysed by Grinder for 4 turns
  3062 | D:3      | Killed Grinder
  3062 | D:3      | Reached skill level 4 in Fighting
  3062 | D:3      | Gained mutation: You regenerate magic rapidly. [demonic
                  | ancestry]
  3062 | D:3      | Reached XP level 6. HP: 31/48 MP: 4/6
  3168 | D:3      | Noticed a sky beast
  3177 | D:3      | Killed a sky beast
  3610 | D:3      | Gained mutation: You have an unusually large brain. (Int
                  | +2) [demonic ancestry]
  3610 | D:3      | Reached XP level 7. HP: 55/55 MP: 7/7
  3825 | D:2      | Became a worshipper of Kikubaaqudgha
  4432 | D:4      | Found a white marble altar of Elyvilon.
  4569 | D:4      | Reached skill level 1 in Necromancy
  4586 | D:4      | Reached skill level 1 in Spellcasting
  4650 | D:4      | Reached skill level 5 in Fighting
  4650 | D:4      | Reached skill level 5 in Dodging
  5017 | D:4      | Reached skill level 5 in Long Blades
  5036 | D:4      | HP: 2/56 [gnoll (7)]
  5037 | D:4      | Reached * piety under Kikubaaqudgha
  5037 | D:4      | Identified Kikubaaqudgha's Papyrus of Darkness
                  | (Kikubaaqudgha gifted it to you on level 4 of the Dungeon)
  5037 | D:4      | Received a gift from Kikubaaqudgha
  5733 | D:4      | Found a shimmering blue altar of Sif Muna.
  5778 | D:4      | Got an ancient buckler
  5785 | D:4      | Identified the +0 buckler of Fortification {rN+ Dex+3 SInv}
                  | (You found it on level 4 of the Dungeon)
  5806 | D:5      | Entered Level 5 of the Dungeon
  5859 | D:5      | Gained mutation: You have razor-sharp toenails. [demonic
                  | ancestry]
  5859 | D:5      | Reached XP level 8. HP: 38/62 MP: 7/11
  5878 | D:5      | Learned a level 3 spell: Vampiric Draining
  6022 | D:5      | Found a staircase to the Ecumenical Temple.
  6041 | D:5      | Reached skill level 1 in Shields
  6556 | D:5      | Found Ymmaatarr's General Store.
  6563 | D:5      | Bought a scroll of fear for 35 gold pieces
  6563 | D:5      | Bought a scroll of amnesia for 35 gold pieces
  6563 | D:5      | Bought a scroll of identify for 20 gold pieces
  6563 | D:5      | Bought 2 potions of might for 80 gold pieces
  7388 | D:6      | Reached ** piety under Kikubaaqudgha
  7450 | D:6      | Reached skill level 6 in Fighting
  7527 | D:6      | Noticed Menkaure
  7535 | D:6      | Killed Menkaure
  7847 | D:6      | Gained mutation: You have claws for feet. [demonic
                  | ancestry]
  7847 | D:6      | Reached XP level 9. HP: 42/69 MP: 6/14
  8105 | D:6      | Found an iron altar of Okawaru.
  8136 | D:6      | Got a wavering jade ring
  8158 | D:6      | Found a radiant altar of Vehumet.
  8579 | D:6      | Found a burning altar of Makhleb.
  8771 | D:7      | Found a basalt altar of Yredelemnul.
  9070 | D:7      | Reached skill level 5 in Necromancy
  9659 | D:8      | Noticed Erica
  9671 | D:8      | Killed Erica
  9671 | D:8      | Reached *** piety under Kikubaaqudgha
  9671 | D:8      | Identified Kikubaaqudgha's Guide on Black Arts
                  | (Kikubaaqudgha gifted it to you on level 8 of the Dungeon)
  9671 | D:8      | Received a gift from Kikubaaqudgha
  9671 | D:8      | Reached skill level 7 in Fighting
  9689 | D:8      | Learned a level 4 spell: Dispel Undead
  9695 | D:8      | Learned a level 5 spell: Borgnjor's Vile Clutch
  9868 | D:8      | Noticed a two-headed ogre
  9879 | D:8      | Killed a two-headed ogre
  9879 | D:8      | Reached skill level 5 in Spellcasting
  9879 | D:8      | Reached XP level 10. HP: 65/79 MP: 13/17
  9996 | D:8      | Found a staircase to the Lair.
 11076 | D:9      | Found a blossoming altar of Fedhas.
 11082 | D:9      | Reached skill level 5 in Shields
 11083 | D:9      | Found a shimmering altar of Xom.
 11211 | D:9      | Found an opulent altar of Gozag.
 11885 | D:10     | Entered Level 10 of the Dungeon
 11894 | D:10     | Reached skill level 8 in Fighting
 11907 | D:10     | Noticed a boulder beetle
 12238 | D:10     | Noticed a two-headed ogre
 12245 | D:9      | Reached **** piety under Kikubaaqudgha
 12268 | D:9      | Killed a boulder beetle
 12732 | D:10     | Killed a two-headed ogre
 12732 | D:10     | Reached XP level 11. HP: 55/87 MP: 14/20
 12996 | D:8      | HP: 3/87 [scorpion (3)]
 13003 | D:8      | HP: 4/87 [poisoned by a scorpion]
 13009 | D:8      | HP: 3/87 [poisoned by a scorpion]
 13017 | D:8      | HP: 3/87 [poisoned by a scorpion]
 13800 | D:10     | Found a stormy altar of Qazlal.
 14250 | D:11     | Noticed Harold
 14259 | D:11     | Killed Harold
 14666 | D:11     | Reached skill level 9 in Fighting
 14860 | D:11     | Noticed a boulder beetle
 14866 | D:11     | Noticed Josephine
 14874 | D:11     | Killed Josephine
 14906 | D:11     | Killed a boulder beetle
 14906 | D:11     | Reached ***** piety under Kikubaaqudgha
 15752 | D:12     | Noticed a brown ugly thing
 15763 | D:12     | Killed a brown ugly thing
 15964 | D:12     | Found a staircase to the Orcish Mines.
 16260 | D:12     | Reached XP level 12. HP: 96/96 MP: 23/23
 16324 | D:12     | HP: 3/96 [gargoyle/stone arrow (24)]
 17068 | Orc:1    | Entered Level 1 of the Orcish Mines
 17136 | Orc:1    | Noticed an ettin
 17154 | D:12     | Learned a level 6 spell: Death Channel
 17384 | Lair:1   | Entered Level 1 of the Lair of Beasts
 17395 | Lair:1   | Identified the ring "Hueboeff" {Slay+2 SInv} (You found it
                  | on level 6 of the Dungeon)
 17521 | Lair:1   | Reached skill level 10 in Fighting
 17526 | Lair:1   | HP: 1/97 [wolf (7)]
 17527 | Lair:1   | Slain by a wolf

Illustrated notes

Levels and vault maps discovered:
D:1:      dpeg_arrival_stonehenge_8_columns, layout_basic
D:2:      layout_basic, kiku_gazebo_pond_becter, lemuel_coloured_pillars_altar,
          minmay_heptomino_l4, uniq_crazy_yiuf_cottage, uniq_terence,
          uniq_natasha
D:3:      layout_basic, nicolae_ru_awakened_eye, minmay_goblin_kobold_house,
          uniq_grinder
D:4:      layout_loops_ring, lemuel_doored_altar, lemuel_blue_sif_altar
D:5:      layout_basic, minmay_temple_entry_stoned_glass, serial_shops, shop
D:6:      layout_cave_pools, marbit_many_paths, okawaru_gym_becter,
          nicolae_overflow_hidden_temple, uniq_menkaure
D:7:      layout_cave_pods, lemuel_round_altar
D:8:      layout_loops_ring, dpeg_oklobed_lair, uniq_erica
D:9:      layout_roguey, nicolae_gozag_seed_capital, grunt_temple_overflow_open
D:10:     layout_big_octagon, nicolae_qazlal_style_of_elements
D:11:     layout_roguey, uniq_harold, uniq_josephine
D:12:     layout_loops_ring, orc_0_dummy
Lair:1:   layout_cave_pods, serial_bayou_pond_d, grunt_forest_large_clearings,
          grunt_megastairs_3
Orc:1:    layout_caves, basic_altar, nicolae_orc_flooded_monolith

Skill      XL: |  1  2  3  4  5  6  7  8  9 10 11 12 |
---------------+-------------------------------------+-----
Long Blades    | 3 4 5 6 7 9 |  9.3
Dodging        | 3 4 5 6 7 |  7.0
Fighting       | 3 4 5 6 7 8 9 10 | 10.0
Necromancy     | 2 4 6 7 8 9 |  9.5
Spellcasting   | 2 3 5 6 7 |  7.9
Shields        | 2 4 5 6 |  6.0
Throwing       | |  1.7

Action                   |  1- 3 |  4- 6 |  7- 9 | 10-12 || total
-------------------------+-------+-------+-------+-------++-------
Melee: Long sword        |    56 |    99 |   414 |       ||   569
       Kick              |       |    28 |   191 |   218 ||   437
       Great sword       |       |       |     6 |       ||     6
       Scimitar          |       |       |     9 |   472 ||   481
Throw: Throwing net      |       |     3 |       |       ||     3
 Cast: Borgnjor's Vile C |       |       |       |     1 ||     1
       Vampiric Draining |       |       |       |     8 ||     8
       Dispel Undead     |       |       |       |     3 ||     3
       Death Channel     |       |       |       |     1 ||     1
Evoke: Wand              |       |       |     4 |     4 ||     8
  Use: Scroll            |       |       |    10 |    11 ||    21
       Potion            |       |       |       |     8 ||     8
 Stab: Sleeping          |       |       |       |     4 ||     4
       Distracted        |       |       |       |     2 ||     2
       Invisible         |       |       |       |     1 ||     1
       Paralysed         |       |       |       |     6 ||     6
Armor: Leather armour    |     7 |    16 |    77 |    84 ||   184
Dodge: Dodged            |    37 |    57 |   262 |   406 ||   762
Block: Buckler           |       |       |    76 |   165 ||   241
       Rpst.: Long sword |    22 |    18 |    79 |       ||   119
       Scimitar          |       |       |     1 |   116 ||   117

Table legend: (Time is in decaauts)
 A = Elapsed time spent in this place.
 B = Non-inter-level travel time spent in this place.
 C = Inter-level travel time spent in this place.
 D = Time resting spent in this place.
 E = Time spent auto-exploring this place.
 F = Levels seen in this place.
 G = Mean time per level.
                   A        B        C        D        E       F      G
               +--------+--------+--------+--------+--------+-----+--------+
         Total |  17642 |  17011 |    631 |   5562 |   8842 |  14 | 1260.1 |
       Dungeon |  17429 |  16798 |    631 |   5562 |   8727 |  12 | 1452.4 |
          Lair |    135 |    135 |      0 |      0 |     77 |   1 |  135.0 |
  Orcish Mines |     77 |     77 |      0 |      0 |     38 |   1 |   77.0 |
               +--------+--------+--------+--------+--------+-----+--------+

Top non-repeatable levels by time:
     D:9: 2058 daAuts
     D:2: 1796 daAuts
     D:3: 1727 daAuts
    D:12: 1621 daAuts
     D:5: 1551 daAuts
     D:8: 1483 daAuts
    D:10: 1330 daAuts
     D:6: 1285 daAuts
     D:4: 1256 daAuts
    D:11: 1232 daAuts
     D:1: 1098 daAuts
     D:7: 987 daAuts
  Lair:1: 135 daAuts
   Orc:1: 77 daAuts
